AoeStats
← JROCK

Arena

510439121Analyzed
4v4 RM · 9h ago on Oct 1, 2026· 40m 50s· 8 players
Game mode
Random Map
Map size
Large (8 player)
Population
200
Speed
Normal
Resources
Standard
Victory
Conquest
Starting age
Dark Age
Ending age
Imperial Age
RankedLock teamsTeams togetherTeam positionsShared explorationLock speedFull tech treeHidden civsTurbo modeCheats
Victory
Defeat
🇺🇸 Byzantines · United States
1501
+11
🇺🇸 Bulgarians · United States
1394
+15
🇺🇸 Cumans · United States
1340
+17
🇺🇸 Bengalis · United States
1301
+18
🇦🇷 Slavs · Argentina
1379
-16
🇨🇳 Gurjaras · China
1373
-15
🇻🇳 Japanese · Vietnam
1371
-15
🇨🇳 Tatars · China
1369
-15
V我50%匡扶汉室
11:24 Feudal Age
12:00 Feudal Age
12:50 Horse Collar
12:58 Double-Bit Axe
15:49 Castle Age
14:52 Horse Collar
22:57 Gold Mining
23:44 Heavy Plow
23:58 Bow Saw
25:52 Wheelbarrow
27:59 Gold Shaft Mining
27:15 Stone Mining
27:45 Scale Barding Armor
28:19 Hand Cart
31:53 Imperial Age
31:25 Chain Barding Armor
31:16 Forging
33:41 Chemistry
33:55 Plate Barding Armor
33:55 Iron Casting
32:45 Elite Keshik
33:46 Conscription
35:55 Crop Rotation
35:58 Bloodlines
35:49 Husbandry
36:55 Blast Furnace
37:25 Padded Archer Armor
祈求好运
10:05 Feudal Age
14:28 Castle Age
12:50 Double-Bit Axe
13:15 Horse Collar
20:38 Bow Saw
21:36 Wheelbarrow
21:24 Loom
22:44 Hand Cart
22:38 Heavy Plow
24:52 Gold Mining
28:06 Imperial Age
26:05 Scale Barding Armor
26:12 Forging
27:04 Gold Shaft Mining
27:15 Chain Barding Armor
28:14 Iron Casting
27:37 Stone Mining
28:59 Husbandry
29:10 Bloodlines
29:33 Frontier Guards
29:34 Conscription
30:08 Plate Barding Armor
28:57 Heavy Camel Rider
33:56 Kshatriyas
thanh7531
9:39 Feudal Age
15:53 Castle Age
14:21 Man-at-Arms
19:31 Long Swordsman
21:44 Gambesons
22:52 Scale Mail Armor
24:27 Town Watch
26:33 Wheelbarrow
25:44 Loom
30:12 Hand Cart
37:34 Imperial Age
35:27 Town Patrol
38:22 Ballistics
37:35 Onager
39:37 Chemistry
41:10 Siege Engineers
JUNCAL
9:01 Feudal Age
9:06 Man-at-Arms
9:39 Double-Bit Axe
9:24 Man-at-Arms
10:05 Horse Collar
15:14 Town Watch
15:17 Loom
18:09 Castle Age
19:16 Gold Mining
20:10 Bow Saw
20:37 Wheelbarrow
22:18 Wheelbarrow
26:16 Imperial Age
23:48 Long Swordsman
24:29 Squires
27:03 Ballistics
29:04 Chemistry
31:15 Hand Cart
32:50 Stone Mining
34:05 Siege Engineers
35:20 Gold Shaft Mining
Bandit
10:56 Feudal Age
14:32 Castle Age
12:40 Double-Bit Axe
13:02 Horse Collar
15:50 Bow Saw
25:11 Imperial Age
22:27 Loom
22:45 Gold Mining
23:43 Wheelbarrow
23:49 Fletching
25:34 Gold Shaft Mining
25:03 Bodkin Arrow
25:14 Crossbowman
27:06 Chemistry
26:18 Arbalester
27:29 Heavy Plow
28:16 Ballistics
28:04 Bracer
28:22 Padded Archer Armor
29:40 Two-Man Saw
29:56 Leather Archer Armor
30:53 Thumb Ring
31:21 Ring Archer Armor
35:01 Conscription
35:23 Crop Rotation
36:20 Coinage
38:23 Banking
37:57 Stone Mining
38:34 Hand Cart
39:27 Scale Barding Armor
39:32 Forging
40:10 Chain Barding Armor
41:01 Iron Casting
40:39 Guilds
41:33 Plate Barding Armor
41:20 Bombard Tower
izohc8ik
11:04 Feudal Age
14:53 Castle Age
13:12 Double-Bit Axe
13:30 Horse Collar
20:57 Wheelbarrow
20:11 Loom
22:18 Heavy Plow
22:35 Bow Saw
25:08 Fletching
28:02 Imperial Age
26:53 Padded Archer Armor
26:54 Bodkin Arrow
27:04 Padded Archer Armor
27:25 Gold Mining
28:12 Leather Archer Armor
29:30 Ballistics
29:53 Gold Shaft Mining
29:11 Stone Mining
29:40 Hand Cart
29:11 Loom
29:22 Elite Elephant Archer
30:05 Bracer
30:36 Ring Archer Armor
31:10 Chemistry
35:17 Husbandry
35:27 Bloodlines
39:27 Conscription
40:20 Light Cavalry
41:33 Forging
41:28 Scale Barding Armor
42:25 Two-Man Saw
JROCK
9:12 Feudal Age
10:53 Wheelbarrow
11:53 Horse Collar
13:07 Double-Bit Axe
21:03 Castle Age
20:56 Stone Mining
20:59 Gold Mining
22:39 Bow Saw
22:31 Heavy Plow
25:47 Hand Cart
25:34 Fletching
26:36 Bodkin Arrow
31:08 Imperial Age
29:00 Padded Archer Armor
29:12 Bloodlines
30:30 Ballistics
30:27 Leather Archer Armor
31:46 Steppe Husbandry
32:23 Ring Archer Armor
31:23 Elite Kipchak
32:41 Crop Rotation
33:47 Chemistry
34:08 Conscription
34:40 Scale Barding Armor
34:00 Light Cavalry
36:01 Loom
38:02 Chain Barding Armor
38:51 Two-Man Saw
39:20 Caravan
40:24 Hussar
41:15 Forging
The_Wanker
11:00 Feudal Age
10:45 Loom
14:59 Castle Age
12:51 Double-Bit Axe
Connection lost

Rejoining the realm…

Still unreachable

The connection could not be restored.

Session expired

The server has moved on; the page needs a fresh start.